 Dungeon Sprint DCSS version 0.31-a0-348-g810772c3d7 (webtiles) character file.

Game seed: 4282794592017929648

2275 Conn the Thaumaturge (level 9, 0/53 HPs)
             Began as an Octopode Fire Elementalist on July 23, 2023.
             Was a High Priest of Sif Muna.
             Engulfed by a cloud of flame (10 damage)
             ... in the Dungeon (Sprint III: "The Ten Rune Challenge").
             The game lasted 00:11:21 (1526 turns).

Conn the Thaumaturge (Octopode Fire Elementalist)   Turns: 1526, Time: 00:11:21

Health: 0/53       AC:  1    Str: 11    XL:     9   Next: 39%
Magic:  16/25      EV: 14    Int: 20    God:    Sif Muna [*****.]
Gold:   1104       SH:  0    Dex: 12    Spells: 17/33 levels left

rFire   + . .        d - +1 dagger (protect)
rCold   . . .        (no shield)
rNeg    . . .        (helmet restricted)
rPois   .            (no amulet)
rElec   .            (no ring)
rCorr   .            (no ring)
SInv    +            (no ring)
Will    .....        (no ring)
Stlth   +++          (no ring)
HPRegen 0.28/turn    (no ring)
MPRegen 0.19/turn    (no ring)
                     (no ring)

%: no teleportation
@: no status effects
A: almost no armour, amphibious, 8 rings, camouflage 1, gelatinous body 1,
(nimble swimmer 1), tentacles, see invisible, fire resistance 1, strong 1
a: Renounce Religion, Channel Magic, Forget Spell, Divine Exegesis


You were in the Dungeon.
You worshipped Sif Muna.
Sif Muna was extremely pleased with you.
You visited 1 branch You collected 1104 gold pieces.

Inventory:

Hand Weapons
 d - a +1 dagger of protection (weapon)
 g - a +0 dagger of venom
Potions
 a - a potion of magic
 b - 2 potions of curing
 e - a potion of berserk rage
 h - 3 potions of mutation
 n - a potion of enlightenment {unknown}


   Skills:
 + Level 1.4 Fighting
 + Level 2.8 Short Blades
 + Level 3.9 Dodging
 - Level 4.1 Stealth
 * Level 12.6 Spellcasting
 * Level 7.7 Conjurations
 + Level 2.1 Hexes
 + Level 1.4 Translocations
 + Level 12.0 Fire Magic
 - Level 3.0 Earth Magic
 * Level 3.9 Invocations


You had 17 spell levels left.
You knew the following spells:

 Your Spells              Type           Power      Damage    Failure   Level
a - Foxfire               Conj/Fire      100%       2x1d9     1%          1
b - Scorch                Fire           100%       2d9       1%          2
c - Inner Flame           Hex/Fire       40%        N/A       1%          3
d - Flame Wave            Conj/Fire      51%        2d13      1%          4
e - Volatile Blastmotes   Fire/Tloc      78%        2d16      1%          3
f - Stone Arrow           Conj/Erth      68%        3d11      1%          3

Your spell library contained the following spells:

 Spells                   Type           Power      Damage    Failure   Level
 Lehudib's Crystal Spear  Conj/Erth      17%        10d5      100%        8
 Animate Armour           Summ/Erth      Unusable   N/A       N/A         4

Dungeon Overview and Level Annotations

Branches:
Dungeon (1/1)

Altars:
Dithmenos
Elyvilon
Fedhas
Kikubaaqudgha
Okawaru
Qazlal
Ru
Sif Muna
Trog
Uskayaw
Vehumet
Wu Jian
Yredelemnul
Zin
The Shining One

Shops:
D ?


Innate Abilities, Weirdness & Mutations

You cannot wear most types of armour.
You are amphibious.
You can wear up to eight rings at the same time.
Your skin changes colour to match your surroundings (Stealth+).
Your rubbery body absorbs attacks. (AC +1, EV +1)
((You are camouflaged when in or above water. (Stealth+)))
You have tentacles for arms and can constrict up to eight enemies at once.
You have supernaturally acute eyesight. (SInv)
Your flesh is heat resistant. (rF+)
Your muscles are strong. (Str +4, Int/Dex -1)


Message History

The foxfire hits the orc knight.
Flame seeps out of the orc knight.
The orc knight is heavily wounded.
The orc knight is engulfed in blazing flames.
Flame seeps out of the orc knight.
Casting: Foxfire (safe; 1% risk of failure)
Confirm with . or Enter, or press ? or * to list all spells.
You don't have enough magic to cast this spell.
Unknown command.
Okay, then.
Unknown command.
Okay, then.
Unknown command.
Magic courses through your body.
The foxfire hits the orc knight but does no damage.
The orc knight is severely wounded.
The foxfire hits the orc knight but does no damage.
The orc knight is severely wounded.
An orc comes into view. It is wielding a +0 falchion.
Unknown command.
Casting: Foxfire (safe; 1% risk of failure)
Confirm with . or Enter, or press ? or * to list all spells.
Flames lash the orc knight.
Flame seeps out of the orc knight.
The orc knight is almost dead.
The orc knight's fire resistance burns away.
The orc knight is engulfed in blazing flames.
Flame seeps out of the orc knight.
Casting: Scorch (safe; 1% risk of failure)
Confirm with . or Enter, or press ? or * to list all spells.
Casting: Flame Wave (dangerous; 1% risk of failure)
Press: ? - help, Dir - look around, f - activate A wave of flame ripples out!
The flame wave engulfs the orc knight!
The orc knight is burned terribly!
Sif Muna accepts your kill.
Sif Muna will now gift you books as you gain piety. (Press . to intensify the flame waves.)
The orc knight explodes!
The fiery explosion engulfs you!! You resist.
* * * LOW HITPOINT WARNING * * *
You are engulfed in blazing flames.
You resist.
You die...

▓▓▓▓▓▓ ▓▓▓ .#[[.####
##.############
.#......#####..#___#___#__##∩$$
##.......#..#..#...#__.#._#$$.
.##.##...#..#..###'#'###'##)$)
.##.###..##'#..#§§§...o...#.)
####.##).###...'@§○))..)..#)$
##..##..####...#§§§######'#)#
....##..###....#.⌠.#
#.))#'#####
#..##..)##.....#...#
#.).#§o~~~+
..##....#......#'###
#...#.#§~§#
.###..##.#.....#.[)#
#...'.#§§§# .# #..
####..).#___#v_'...#.#.§§# ▓▓
▓▓▓ ▓▓▓▓▓▓▓▓▓▓▓▓▓▓▓▓▓▓▓▓▓▓▓


You could see an orc.

Vanquished Creatures
  Erica (D)
  An orc knight (D)
  A deep elf pyromancer (D)
  A shadow (D)
  4 orc warriors (D)
  A necrophage (D)
  A water elemental (D)
  A jelly (D)
  4 orc priests (D)
  Jessica (D)
  A wizard (D)
  2 orc wizards (D)
  A necromancer (D)
  3 humans (D)
  A kobold demonologist (D)
  A wolf (D)
  4 orcs (D)
  3 rats (D)
32 creatures vanquished.

Vanquished Creatures (others)
  72 foxfires (D)
72 creatures vanquished.

Grand Total: 104 creatures vanquished

Notes
Turn   | Place    | Note
-------+----------+-------------------------------------------
     0 | D        | Conn the Octopode Fire Elementalist began the quest for the
                  | Orb.
     0 | D        | Reached XP level 1. HP: 11/11 MP: 3/3
    68 | D        | Noticed Jessica
    73 | D        | Killed Jessica
    74 | D        | Reached skill level 5 in Fire Magic
    74 | D        | Reached XP level 2. HP: 17/17 MP: 0/6
    74 | D        | Reached XP level 3. HP: 21/21 MP: 0/7
   159 | D        | Learned a level 2 spell: Scorch
   163 | D        | Learned a level 3 spell: Inner Flame
   258 | D        | Reached XP level 4. HP: 14/27 MP: 5/9
   327 | D        | Gained mutation: Your muscles are strong. (Str +4, Int/Dex
                  | -1) [potion of mutation]
   327 | D        | Gained mutation: You have supernaturally acute eyesight.
                  | (SInv) [potion of mutation]
   327 | D        | Gained mutation: Your flesh is heat resistant. (rF+)
                  | [potion of mutation]
   332 | D        | Noticed a water elemental
   336 | D        | Killed a water elemental
   337 | D        | Reached XP level 5. HP: 28/31 MP: 1/12
   418 | D        | Noticed a deep elf pyromancer
   418 | D        | Noticed a human
   418 | D        | Noticed a human
   453 | D        | Killed a human
   454 | D        | Reached XP level 6. HP: 4/36 MP: 3/15
   617 | D        | Learned a level 4 spell: Flame Wave
   621 | D        | Learned a level 3 spell: Volatile Blastmotes
   641 | D        | Killed a deep elf pyromancer
   642 | D        | Reached skill level 1 in Short Blades
   642 | D        | Reached skill level 1 in Hexes
   642 | D        | Reached skill level 10 in Fire Magic
   642 | D        | Reached XP level 7. HP: 42/42 MP: 12/20
   694 | D        | Killed a human
   695 | D        | Reached skill level 1 in Fighting
   695 | D        | Reached skill level 10 in Spellcasting
   739 | D        | Found a glowing silver altar of Zin.
   739 | D        | Found an ornate altar of the Wu Jian Council.
   741 | D        | Found a glowing golden altar of the Shining One.
   741 | D        | Found a white marble altar of Elyvilon.
   748 | D        | Found a hide-covered altar of Uskayaw.
   748 | D        | Found an iron altar of Okawaru.
   748 | D        | Found a bloodstained altar of Trog.
   759 | D        | Found a radiant altar of Vehumet.
   759 | D        | Found a shimmering blue altar of Sif Muna.
   759 | D        | Found an ancient bone altar of Kikubaaqudgha.
   762 | D        | Reached XP level 8. HP: 48/48 MP: 22/22
   771 | D        | Became a worshipper of Sif Muna the Loreminder
   782 | D        | Found a basalt altar of Yredelemnul.
   782 | D        | Found a shadowy altar of Dithmenos.
   782 | D        | Found a sacrificial altar of Ru.
   797 | D        | Learned a level 3 spell: Stone Arrow
   805 | D        | Reached * piety under Sif Muna
   805 | D        | Noticed a shadow
   807 | D        | Killed a shadow
   808 | D        | Reached skill level 1 in Earth Magic
   877 | D        | Noticed Erica
   938 | D        | Killed Erica
   939 | D        | Reached skill level 1 in Translocations
   939 | D        | Reached XP level 9. HP: 6/53 MP: 18/24
  1111 | D        | Found Zinexkio's Magic Scroll Boutique.
  1116 | D        | Reached ** piety under Sif Muna
  1124 | D        | Reached *** piety under Sif Muna
  1341 | D        | Reached **** piety under Sif Muna
  1365 | D        | Found a blossoming altar of Fedhas.
  1366 | D        | Found a stormy altar of Qazlal.
  1367 | D        | Noticed an orc knight
  1526 | D        | Killed an orc knight
  1526 | D        | Reached ***** piety under Sif Muna
  1526 | D        | Engulfed by a cloud of flame

Illustrated notes

Levels and vault maps discovered:
D:        dungeon_sprint_mu [sprint_mu_entry_cave, sprint_mu_temple_rooms,
          sprint_mu_d1_horrors, sprint_mu_d2_genie, sprint_mu_d3_branching,
          sprint_mu_orc_legion, sprint_mu_elf_gauntlet, sprint_mu_hive_nellie,
          sprint_mu_lair_fedhas, sprint_mu_vaults_butterflies,
          sprint_mu_slime_circle, sprint_mu_swamp_cave, sprint_mu_snake_twists,
          sprint_mu_blade_basic, sprint_mu_crypt_chambers,
          sprint_mu_tomb_spiral, sprint_mu_vestibule_basic,
          sprint_mu_gehenna_hellfire, sprint_mu_dis_giant,
          sprint_mu_tartarus_statrot, sprint_mu_cocytus_islands, sprint_mu_zot1]

Skill      XL: |  1  2  3  4  5  6  7  8  9 |
---------------+----------------------------+-----
Stealth        | 3 4 |  4.1
Spellcasting   | 3 4 6 9 10 11 12 | 12.6
Fire Magic     | 5 6 7 8 10 11 12 | 12.0
Dodging        | 3 |  3.9
Conjurations   | 2 4 6 7 |  7.7
Short Blades   | 1 2 |  2.8
Hexes          | 1 2 |  2.1
Fighting       | 1 |  1.4
Earth Magic    | 3 |  3.0
Translocations | 1 |  1.4
Invocations    | 2 3 |  3.9

Action                     |  1- 3 |  4- 6 |  7- 9 || total
---------------------------+-------+-------+-------++-------
  Melee: Dagger            |     1 |       |    10 ||    11
         Constrict         |       |       |     4 ||     4
         Tentacles         |       |       |     2 ||     2
   Cast: Foxfire           |    11 |     4 |    25 ||    40
         Scorch            |     3 |     9 |    18 ||    30
         Inner Flame       |       |     1 |     9 ||    10
         Volatile Blastmot |       |     2 |     1 ||     3
         Flame Wave        |       |       |     5 ||     5
    Use: Potion            |       |     3 |     4 ||     7
         Scroll            |       |       |     5 ||     5
   Stab: Sleeping          |     1 |       |     4 ||     5
  Dodge: Dodged            |       |     1 |     8 ||     9

Table legend: (Time is in decaauts)
 A = Elapsed time spent in this place.
 B = Non-inter-level travel time spent in this place.
 C = Inter-level travel time spent in this place.
 D = Time resting spent in this place.
 E = Time spent auto-exploring this place.
 F = Levels seen in this place.
 G = Mean time per level.
                   A        B        C        D        E       F      G
               +--------+--------+--------+--------+--------+-----+--------+
         Total |   1511 |   1511 |      0 |    890 |    109 |   1 | 1511.0 |
       Dungeon |   1511 |   1511 |      0 |    890 |    109 |   1 | 1511.0 |
               +--------+--------+--------+--------+--------+-----+--------+

Top non-repeatable levels by time:
       D: 1511 daAuts
